 Dungeon Crawl Stone Soup version 0.30-a0-570-g486de37d69 (webtiles) character file.

Game seed: 1123890089400558811

19859 HoaS the Markstengu (level 12, -1/80 HPs)
             Began as a Tengu Hunter on Dec 29, 2022.
             Was an Elder of Makhleb.
             Slain by a death yak (6 damage)
             ... on level 4 of the Lair of Beasts.
             The game lasted 00:36:37 (13449 turns).

HoaS the Markstengu (Tengu Hunter)                 Turns: 13449, Time: 00:36:37

Health: -1/80      AC: 14    Str: 17    XL:     12   Next: 73%
Magic:  13/13      EV: 24    Int: 10    God:    Makhleb [****..]
Gold:   161        SH:  0    Dex: 22    Spells: 11/11 levels left

rFire   . . .      SeeInvis .    a - +3 shortbow
rCold   . . .      Faith    .    (shield currently unavailable)
rNeg    . . .      Spirit   .    p - +1 acid dragon scales
rPois   .          Reflect  .    (helmet restricted)
rElec   .          Harm     .    y - +0 cloak of Gluttony {rCorr Str+5}
rCorr   +          Rampage  .    u - +1 pair of gloves
Will    +....                    (boots unavailable)
Stlth   ++                       (no amulet)
HPRegen 0.33/turn                h - ring of willpower
MPRegen 0.13/turn                m - +4 ring of protection

@: lethally poisoned (-1 -> -4), flying quickly and evasively, invisible, quick
A: beak, talons 3, nimble flight
a: Renounce Religion, Minor Destruction, Lesser Servant of Makhleb, Major
Destruction


You were on level 4 of the Lair of Beasts.
You worshipped Makhleb.
Makhleb was greatly pleased with you.
You visited 3 branches of the dungeon, and saw 15 of its levels.

You collected 1056 gold pieces.
You spent 895 gold pieces at shops.

Inventory:

Hand Weapons
 a - a +3 shortbow (weapon)
Missiles
 k - a throwing net
Armour
 p - +1 acid dragon scales (worn)
 u - a +1 pair of gloves (worn)
 y - the +0 cloak of Gluttony (worn) {rCorr Str+5}
   (You bought it in a shop on level 7 of the Dungeon)

   Str:       It affects your strength (+5).
   rCorr:     It protects you from acid and corrosion.
 z - +0 steam dragon scales
Jewellery
 h - a ring of willpower (left hand)
 m - a +4 ring of protection (right hand)
Wands
 o - a wand of charming (11)
 q - a wand of roots (8)
 s - a wand of polymorph (8)
 v - a wand of flame (6)
Scrolls
 b - 4 scrolls of immolation
 c - 6 scrolls of blinking
 e - 4 scrolls of vulnerability
 f - 3 scrolls of fear
 j - 2 scrolls of fog
 t - 8 scrolls of identify
Potions
 d - a potion of cancellation
 g - 2 potions of attraction
 i - 9 potions of curing
 n - 2 potions of heal wounds
 r - 2 potions of resistance
 w - a potion of lignification
 A - a potion of mutation


   Skills:
 + Level 11.0 Fighting
 - Level 16.0 Ranged Weapons
 + Level 11.9 Dodging
 - Level 1.0 Stealth


You had 11 spell levels left.
You didn't know any spells.
Your spell library contained the following spells:

 Spells                   Type           Power      Damage    Failure   Level
 Ensorcelled Hibernation  Hex/Ice        0%         N/A       61%         2
 Gell's Gravitas          Tloc           0%         N/A       83%         3
 Ignite Poison            Fire/Tmut/Pois 0%         N/A       83%         3
 Kindle Blastsparks       Fire/Tloc/Air  0%         2d10      83%         3
 Portal Projectile        Hex/Tloc       0%         N/A       83%         3
 Spider Form              Tmut/Pois      0%         N/A       83%         3
 Teleport Other           Tloc           0%         N/A       83%         3
 Tukima's Dance           Hex            0%         N/A       83%         3
 Anguish                  Hex/Necr       0%         N/A       99%         4
 Blade Hands              Tmut           0%         N/A       100%        5
 Freezing Cloud           Conj/Ice/Air   0%         6-21      100%        5
 Conjure Ball Lightning   Conj/Air       0%         3x3d6     100%        6
 Dispersal                Tloc           0%         N/A       100%        6
 Simulacrum               Ice/Necr       0%         N/A       100%        6
 Enfeeble                 Hex            0%         N/A       100%        7
 Discord                  Hex            0%         N/A       100%        8
 Disjunction              Tloc           0%         N/A       100%        8
 Polar Vortex             Ice            0%         N/A       100%        9


Dungeon Overview and Level Annotations

Branches:
Dungeon (10/15)            Temple (1/1) D:4            Lair (4/5) D:8
 Shoals (0/4) Lair:2        Snake (0/4) Lair:3          Orc (0/2) D:10
  Slime: Lair:4-5

Altars:
Ashenzari
Cheibriados
Dithmenos
Elyvilon
Fedhas
Gozag
Hepliaklqana
Kikubaaqudgha
Makhleb
Nemelex Xobeh
Okawaru
Qazlal
Ru
Sif Muna
Trog
Uskayaw
Vehumet
Wu Jian
Xom
Yredelemnul
Zin
The Shining One

Shops:
D:7 !?([

Annotations:
D:8 Erica, Gastronok


Innate Abilities, Weirdness & Mutations

You have a beak for a mouth.
You have claws for feet.
Your magical nature lets you fly swiftly and evasively.


Message History

The death yak completely misses you.
The death yak gores you but does no damage.
The death yak completely misses you.
The death yak gores you but does no damage.
The death yak closely misses you.
The death yak gores you but does no damage.
The death yak misses you. x2
The death yak barely misses you. The death yak misses you.
The death yak completely misses you. x2
The death yak bellows!
You hear a bellow!
The water moccasin hisses angrily.
The death yak gores you! The death yak completely misses you.
The water moccasin bites the plant!
The plant begins to die.
The plant is poisoned.
The water moccasin poisons the plant!
The death yak closely misses you.
The water moccasin hisses angrily.
The death yak closely misses you.
A komodo dragon comes into view.
The komodo dragon hisses angrily.
The water moccasin bites you.
* * * LOW HITPOINT WARNING * * *
You are poisoned.
The water moccasin poisons you! The death yak closely misses you.
You feel very sick.
The water moccasin completely misses you.
The death yak completely misses you.
Something bites the plant!
The plant begins to die.
You feel very sick.
A nearby plant withers and dies.
The water moccasin misses you. The death yak gores you.
* * * LOW HITPOINT WARNING * * *
Something bites the plant!!
The water moccasin barely misses you.
You feel sick. The water moccasin misses you.
The death yak gores the fungus.
The fungus begins to die.
The death yak misses you.
You feel sick.
The death yak bellows!
You hear an angry hiss.
You feel sick.
The death yak bellows!
The komodo dragon hisses angrily.
A nearby plant withers and dies.
The death yak gores you.
You die...

...#.#.#.........#.PP###
.................<.PP...
........................
........................
?.......YY..............
........SY..............
....l..YY........P.#..##
.....P.Y#........####.#
....##.@###.....# .# ...
##..#P..... # .
.......... ...........
##...#...... ######....
.... ...


You could see 6 death yaks, a komodo dragon (wandering, unable to see you) and a
water moccasin (unable to see you).

Vanquished Creatures
  3 two-headed ogres
  A boulder beetle (Lair:3)
  2 death yaks
  3 elephants (Lair:3)
  A black mamba (Lair:1)
  A merfolk siren (Lair:2)
  Joseph (D:8)
  Maggie (D:7)
  A cane toad (Lair:2)
  3 komodo dragons
  2 trolls (D:9)
  A hornet (D:8)
  7 blink frogs
  2 wraiths (D:10)
  2 wyverns
  30 yaks
  3 basilisks
  6 steam dragons
  7 water moccasins
  2 acid dragons
  4 orc warriors
  4 black bears
  2 sky beasts
  3 centaurs
  3 ogres
  6 wolves (Lair:2)
  2 phantoms
  3 kobold brigands
  A necrophage (D:6)
  9 bullfrogs
  A scorpion (D:3)
  A gnoll sergeant (D:10)
  A wight (D:8)
  8 killer bees
  An electric eel (Lair:2)
  6 howler monkeys
  3 hounds
  A gnoll bouda (D:6)
  2 orc priests (D:6)
  Jessica (D:2)
  2 iguanas
  Natasha (twice) (D:3)
  4 orc wizards (D:6)
  10 gnolls
  11 adders
  A shadow imp (D:5)
  2 white imps
  An ufetubus (D:6)
  A worm (D:3)
  A dart slug (D:4)
  14 orcs
  8 bats
  5 endoplasms
  3 giant cockroaches
  8 goblins
  11 hobgoblins
  6 jackals
  4 quokkas
  8 ball pythons
  4 frilled lizards
  20 kobolds
  3 rats (D:1)
270 creatures vanquished.

Vanquished Creatures (others)
  6 fungi
  6 plants
12 creatures vanquished.

Grand Total: 282 creatures vanquished

Notes
Turn   | Place    | Note
-------+----------+-------------------------------------------
     0 | D:1      | HoaS the Tengu Hunter began the quest for the Orb.
     0 | D:1      | Reached XP level 1. HP: 12/12 MP: 2/2
   136 | D:1      | Reached XP level 2. HP: 12/17 MP: 3/3
   169 | D:1      | Reached skill level 5 in Ranged Weapons
   347 | D:1      | Reached XP level 3. HP: 19/21 MP: 4/4
  1013 | D:2      | Noticed Jessica
  1021 | D:2      | Killed Jessica
  1022 | D:2      | Reached skill level 6 in Ranged Weapons
  1022 | D:2      | Reached XP level 4. HP: 26/26 MP: 5/5
  1503 | D:2      | Found a faded altar of an unknown god.
  1959 | D:3      | Noticed Natasha
  1966 | D:3      | Killed Natasha
  1967 | D:3      | Gained mutation: Your magical nature lets you fly swiftly
                  | and evasively. [Tengu growth]
  1967 | D:3      | Reached XP level 5. HP: 18/30 MP: 6/6
  2033 | D:3      | Reached skill level 7 in Ranged Weapons
  2443 | D:3      | Noticed Natasha
  2452 | D:3      | Killed Natasha
  2453 | D:3      | Reached XP level 6. HP: 27/35 MP: 7/7
  2637 | D:4      | Found a staircase to the Ecumenical Temple.
  2657 | Temple   | Entered the Ecumenical Temple
  2819 | Temple   | Became a worshipper of Makhleb the Destroyer
  2915 | D:4      | Reached skill level 8 in Ranged Weapons
  3225 | D:4      | Identified the +6 dagger of a wizard's laboratory {heavy,
                  | rC- Str+6}
  3428 | D:5      | Entered Level 5 of the Dungeon
  3682 | D:5      | Reached skill level 9 in Ranged Weapons
  3682 | D:5      | Reached XP level 7. HP: 40/40 MP: 8/8
  4047 | D:5      | Reached skill level 10 in Ranged Weapons
  4126 | D:5      | Found a broken altar of Ashenzari.
  4223 | D:5      | Reached * piety under Makhleb
  4452 | D:6      | Reached XP level 8. HP: 44/44 MP: 9/9
  4663 | D:6      | Reached skill level 11 in Ranged Weapons
  5239 | D:6      | Identified the +4 quarterstaff "Gynu" {protect, *Rage rPois
                  | Str+7 Dex+4}
  5240 | D:6      | Found a shadowy altar of Dithmenos.
  5280 | D:6      | Reached skill level 12 in Ranged Weapons
  5576 | D:7      | Noticed a two-headed ogre
  5623 | D:7      | Noticed Maggie
  5684 | D:7      | Found Qocugric's Antique Weapon Shop.
  5707 | D:7      | Killed a two-headed ogre
  5708 | D:7      | Reached skill level 13 in Ranged Weapons
  5708 | D:7      | Reached XP level 9. HP: 15/48 MP: 10/10
  6053 | D:7      | Found Tehe's Distillery.
  6059 | D:7      | Bought a potion of curing for 42 gold pieces
  6059 | D:7      | Bought 2 potions of curing for 84 gold pieces
  6059 | D:7      | Bought 2 potions of heal wounds for 140 gold pieces
  6193 | D:7      | Reached skill level 14 in Ranged Weapons
  6217 | D:7      | Killed Maggie
  6250 | D:7      | Found Vaghak's Magic Scroll Shop.
  6253 | D:7      | Bought a scroll of enchant weapon for 90 gold pieces
  6253 | D:7      | Bought a scroll of blinking for 90 gold pieces
  6305 | D:7      | Reached ** piety under Makhleb
  6399 | D:7      | Found Zeamelut's Armour Boutique.
  6447 | D:8      | Noticed Gastronok
  6535 | D:8      | Noticed a hornet
  6699 | D:8      | Reached skill level 15 in Ranged Weapons
  6769 | D:8      | Noticed Joseph
  6774 | D:8      | Noticed Erica
  6779 | D:8      | Found a stormy altar of Qazlal.
  6838 | D:8      | Found a staircase to the Lair.
  6842 | Lair:1   | Entered Level 1 of the Lair of Beasts
  6849 | Lair:1   | Noticed a black mamba
  6857 | Lair:1   | Killed a black mamba
  6858 | Lair:1   | Reached XP level 10. HP: 32/53 MP: 11/11
  7251 | Lair:1   | Reached skill level 16 in Ranged Weapons
  7985 | D:7      | Bought a +0 pair of gloves for 63 gold pieces
  8372 | D:7      | Reached skill level 5 in Dodging
  8544 | D:8      | Reached skill level 5 in Fighting
  8558 | D:8      | Killed Joseph
  8981 | D:9      | Reached XP level 11. HP: 61/64 MP: 12/12
  9005 | D:9      | Found an iron altar of Okawaru.
  9105 | D:9      | Noticed a two-headed ogre
  9137 | D:9      | Killed a two-headed ogre
 10290 | D:10     | Entered Level 10 of the Dungeon
 10542 | D:10     | Noticed a two-headed ogre
 10555 | D:10     | Killed a two-headed ogre
 10659 | D:10     | Reached *** piety under Makhleb
 10720 | D:10     | Found a glowing silver altar of Zin.
 10720 | D:10     | Noticed an angel
 10868 | D:10     | Found a staircase to the Orcish Mines.
 11214 | D:7      | Bought the +0 cloak of Gluttony {rCorr Str+5} for 386 gold
                  | pieces
 11614 | Lair:2   | Found a staircase to the Shoals.
 11852 | Lair:2   | Reached XP level 12. HP: 67/76 MP: 13/13
 11970 | Lair:2   | Reached skill level 10 in Dodging
 12450 | Lair:3   | Reached **** piety under Makhleb
 12475 | Lair:3   | Noticed a boulder beetle
 12531 | Lair:3   | Killed a boulder beetle
 12593 | Lair:3   | Found a staircase to the Snake Pit.
 12734 | Lair:3   | Noticed a death yak
 12751 | Lair:3   | Reached skill level 10 in Fighting
 12758 | Lair:3   | Noticed a death yak
 12779 | Lair:3   | Killed a death yak
 12783 | Lair:3   | Noticed a death yak
 12784 | Lair:3   | Noticed a death yak
 12807 | Lair:2   | Killed a death yak
 13395 | Lair:3   | Noticed a death yak
 13411 | Lair:4   | Noticed a death yak
 13411 | Lair:4   | Noticed a death yak
 13411 | Lair:4   | Noticed a death yak
 13412 | Lair:4   | Noticed a death yak
 13412 | Lair:4   | Noticed a death yak
 13419 | Lair:4   | Noticed a death yak
 13449 | Lair:4   | Slain by a death yak

Illustrated notes

Levels and vault maps discovered:
D:1:      dpeg_arrival_more_subterranean_lakeside_camping, layout_basic
D:2:      layout_basic, shapermc_ecumenical_altar_ellora, uniq_jessica
D:3:      layout_rooms, hangedman_decor_lopped, uniq_natasha
D:4:      layout_loops_ring, minmay_temple_entry_sparse_star,
          minmay_pentomino_pile
D:5:      layout_basic, ashenzari_conservatory_becter
D:6:      layout_loops_ring, mainiacjoe_overflow_chevrons
D:7:      layout_rooms, serial_shops, nicolae_shop_behind_doors, shop, shop,
          nicolae_shop_behind_doors, uniq_maggie
D:8:      layout_loops_ring, overflow_temple_1_default, lair_entry_dummy,
          enter_bailey_2, st_stairs_3, minmay_misc_feat_more_columns,
          abandoned_shop, minmay_bent, uniq_joseph, uniq_gastronok, uniq_erica
D:9:      layout_basic, mainiacjoe_overflow_boulevard
D:10:     layout_gridville, zin_angel, orc_0_dummy, nicolae_sextant,
          chequers_serial_rivers_micro_c, grunt_ministairs_3
Temple:   minmay_crystal_spiral_temple
Lair:1:   layout_cellular_growth, grunt_megastairs_1, lemuel_fruit_fields,
          lemuel_fruit_tree
Lair:2:   layout_regular_city, minmay_shoals_entry_lonely_mermaid,
          serial_bayou_shore_a
Lair:3:   layout_regular_city, dummy_snake_entry, grunt_megastairs_3
Lair:4:   layout_regular_city, dpeg_slime_entry_corner, grunt_megastairs_4

Skill      XL: |  1  2  3  4  5  6  7  8  9 10 11 12 |
---------------+-------------------------------------+-----
Ranged Weapons | 5 6 7 9 10 13 15 16 | 16.0
Dodging        | 6 9 11 | 11.9
Fighting       | 5 9 11 | 11.0
Stealth        | |  1.0

Action                   |  1- 3 |  4- 6 |  7- 9 | 10-12 || total
-------------------------+-------+-------+-------+-------++-------
 Fire: Shortbow          |    92 |   153 |   337 |   906 ||  1488
  Use: Scroll            |     5 |    13 |     5 |     8 ||    31
       Potion            |       |     2 |     5 |     6 ||    13
Armor: Leather armour    |    11 |    14 |    26 |       ||    51
       Acid dragon scale |       |       |     8 |   102 ||   110
Dodge: Dodged            |    29 |    37 |    80 |   456 ||   602

Table legend: (Time is in decaauts)
 A = Elapsed time spent in this place.
 B = Non-inter-level travel time spent in this place.
 C = Inter-level travel time spent in this place.
 D = Time resting spent in this place.
 E = Time spent auto-exploring this place.
 F = Levels seen in this place.
 G = Mean time per level.
                   A        B        C        D        E       F      G
               +--------+--------+--------+--------+--------+-----+--------+
         Total |  12530 |  11564 |    966 |   2778 |   6210 |  15 |  835.3 |
       Dungeon |   9498 |   8748 |    750 |   2146 |   4805 |  10 |  949.8 |
        Temple |    195 |    118 |     77 |      0 |     99 |   1 |  195.0 |
          Lair |   2835 |   2697 |    138 |    631 |   1304 |   4 |  708.8 |
               +--------+--------+--------+--------+--------+-----+--------+

Top non-repeatable levels by time:
     D:8: 1474 daAuts
     D:2: 1263 daAuts
     D:7: 1241 daAuts
     D:6: 1196 daAuts
  Lair:2: 1141 daAuts
     D:5: 951 daAuts
  Lair:1: 944 daAuts
     D:9: 804 daAuts
     D:3: 723 daAuts
  Lair:3: 715 daAuts
     D:4: 642 daAuts
    D:10: 623 daAuts
     D:1: 576 daAuts
  Temple: 195 daAuts
  Lair:4: 34 daAuts
